[Event "*** SCC Grand Prix: Titled Tuesday Blitz"]
[Site "Chess.com"]
[Date "2020.09.29"]
[Round "5"]
[White "kai_nov"]
[Black "sergeikim"]
[Result "1-0"]
[WhiteElo "2261"]
[BlackElo "2404"]
[TimeControl "180+1"]
[EndTime "10:57:52 PDT"]
[Termination "kai_nov won on time"]

1. d4 Nf6 2. c4 g6 3. f3 Bg7 4. e4 d6 5. Nc3 O-O 6. Bg5 Nbd7 7. Nh3 a6 8. Nf2 c5 9. d5 Ne5 10. a4 Qa5 11. Be2 Re8 12. O-O e6 13. f4 Ned7 14. dxe6 Rxe6 15. f5 Re8 16. Qxd6 Qb4 17.
fxg6 hxg6 18. Nd3 Qxc4 19. Rxf6 Nxf6 20. Bxf6 Bxf6 21. Qxf6 Bg4 22. Bxg4 Qxd3 23. Rd1 Qe3+ 24. Kh1 Rad8 25. Rf1 Rf8 26. h3 Qd4 27. e5 Rde8 28. Re1 Qd2 29. Re2 Qd4 30. Qg5 Kg7 31. e6 fxe6 32.
Ne4 Rf1+ 33. Kh2 Ref8 34. Bh5 R8f6 35. Nxf6 Rxf6 36. Qe5 Qxe5+ 37. Rxe5 gxh5 38. Rxc5 Rf7 39. Rxh5 Kf6 40. g4 Rc7 41. Kg3 Rc2 42. b4 Rb2 43. b5 a5 44. Rc5 Rb4 45. h4 Rxa4 46. g5+ Kg6 47. Rc7 Rb4 48. Rxb7 a4 49. Ra7 Kh5 50.
Rh7+ Kg6 51. Rh6+ Kf5 52. Rf6+ Ke5 53. Rf2 Rxb5 54. g6 Rb7 55. h5 a3 56. Kg4 Rb2 57.
Rf3 Rg2+ 58. Kh3 a2 59. Ra3 Rg5 60. Kh4 Rg2 61. Ra4 Kf6 62. Rf4+ Ke5 63. Ra4 Kf6 64. Ra3 Rh2+ 65. Kg4 Rg2+ 66. Kh3 Rg5 67. Kh4 Rg2 68. Rf3+ Kg7 69. Rf7+ Kg8 70. Ra7 e5 71. Ra8+ Kg7 72. Ra7+ Kg8 73. Ra8+ Kg7 74. Ra7+ Kf6 75. Rf7+ Ke6 76.
Ra7 Kf6 77. Rf7+ Ke6 78. Ra7 e4 79. Kh3 Rg5 80. Rxa2 Rxh5+ 81. Kg4 Re5 82. Ra6+ Ke7 83. Kf4 Re6 84. g7 Rxa6 85. g8=Q Re6 86. Ke3 Kf6 87. Qf8+ Ke5 88. Qf4+ Kd5 89. Qf5+ Re5 90. Qd7+ Kc4 91.
Qd4+ Kb5 92. Qxe5+ 1-0

[Event "*** SCC Grand Prix: Titled Tuesday Blitz"]
[Site "Chess.com"]
[Date "2020.09.29"]
[Round "5"]
[White "pedromartinez91"]
[Black "Srisshhhtea"]
[Result "1/2-1/2"]
[WhiteElo "2453"]
[BlackElo "2294"]
[TimeControl "180+1"]
[EndTime "10:58:01 PDT"]
[Termination "Game drawn by repetition"]

1. b4 e6 2. Bb2 Nf6 3. a3 b6 4. e3 Bb7 5. c4 Be7 6. Nf3 O-O 7. Be2 d5 8. d4 Nbd7 9. Nbd2 dxc4 10. Nxc4 c5 11. dxc5 bxc5 12. b5 a6 13. a4 axb5 14.
axb5 Rxa1 15. Qxa1 Nb6 16. Na5 Be4 17. O-O Qa8 18. Rc1 Rd8 19. Be5 Rd7 20. Bf1 Ra7 21. Bc3 Nfd5 22. Be1 Nb4 23. Qe5 Bxf3 24. gxf3 Rxa5 25.
Qc7 N4d5 26. Qe5 Ra7 27. Bg2 Bf6 28. Qd6 c4 29. f4 Qd8 30. Qc5 Rc7 31. Qa3 c3 32. f5 c2 33. fxe6 fxe6 34. Qb3 Bc3 35. Bxc3 Rxc3 36. Qa2 Qd7 37. Rxc2 Nxe3 38. fxe3 Qd1+ 39.
Bf1 Qxc2 40. Qxe6+ Kf8 41. Qxb6 Qg6+ 42. Qxg6 hxg6 43. Kf2 Rb3 44. Bc4 Rb4 45. Bd3 g5 46. Kf3 Ke7 47. Bf1 Kd6 48. h3 Ke5 49. Be2 Rb3 50. Bc4 Rb4 51. Be2 Rb2 52. Bf1 Kf6 53.
Be2 Kg6 54. Kf2 Kh6 55. Kf1 Kg6 56. Kf2 Kf6 57. Kf1 g6 58. Kf2 Kf5 59. Kf3 Ke5 60. Bd3 Kf6 61. Be2 Rb4 62. Bd3 Rh4 63. Kg3 Rb4 64.
Be2 Ke5 65. Kf3 Rb3 66. Bc4 Rb2 67. Bd3 Kf6 68. Kg3 Kg7 69. Kf3 Kh6 70. Bc4 Kh5 71. Kg3 Kh6 72. Bd3 Rb4 73. Kf3 Kg7 74. Be2 Kf6 75.
Kf2 Rb2 76. Kf3 Ra2 77. Bd3 Ra3 78. Be4 Rb3 79. Bc6 Rb4 80. e4 Ke5 81. Kg4 Kf6 82.
h4 gxh4 83. Kxh4 Rb3 84. Kg4 Rb4 85. Kf4 g5+ 86. Kg4 Rb3 87. Bd5 Ke5 88. Bc6 Kf6 89.
Bd7 Rb4 90. Bc6 Kg6 91. Kg3 Kg7 92. e5 Kf7 93. Bd7 Ke7 94. e6 Kd6 95. Kf3 g4+ 96.
Kg3 Ke7 97. Kg2 Kf6 98. Kg3 Ke7 99. Kg2 Rb3 100. Kh2 g3+ 101. Kh3 Kf6 102. Kg2 Ke7 103. Kh3 Kd6 104. Kg2 Ke7 105. Kh3 1/2-1/2

[Event "*** SCC Grand Prix: Titled Tuesday Blitz"]
[Site "Chess.com"]
[Date "2020.09.29"]
[Round "6"]
[White "Trovita84"]
[Black "moventog"]
[Result "0-1"]
[WhiteElo "1980"]
[BlackElo "2239"]
[TimeControl "180+1"]
[EndTime "10:59:45 PDT"]
[Termination "moventog won by resignation"]

1. e4 d6 2. d4 Nf6 3. Bd3 e5 4. c3 d5 5. dxe5 Nxe4 6. Bxe4 dxe4 7. Qa4+ Bd7 8. Qxe4 Bc6 9. Qg4 h5 10. Qg3 h4 11. Qg4 Qd7 12. Qxd7+ Nxd7 13. f3 Nxe5 14. Bf4 Nd3+ 0-1

[Event "*** SCC Grand Prix: Titled Tuesday Blitz"]
[Site "Chess.com"]
[Date "2020.09.29"]
[Round "6"]
[White "ApacheSVD"]
[Black "tk22h"]
[Result "1/2-1/2"]
[WhiteElo "2416"]
[BlackElo "2314"]
[TimeControl "180+1"]
[EndTime "10:59:55 PDT"]
[Termination "Game drawn by agreement"]

1. e4 e5 2. Nf3 Nc6 3. Bc4 Nf6 4. d3 Be7 5. O-O O-O 6. Re1 d6 7. a4 Na5 8. Ba2 c5 9. c3 Nc6 10. Nbd2 h6 11. Nf1 Re8 12. Ng3 Bf8 13. Bb1 d5 14.
Qc2 1/2-1/2

[Event "*** SCC Grand Prix: Titled Tuesday Blitz"]
[Site "Chess.com"]
[Date "2020.09.29"]
[Round "6"]
[White "Alexander_Moskalenko"]
[Black "RaunakSadhwani2005"]
[Result "1/2-1/2"]
[WhiteElo "2837"]
[BlackElo "2934"]
[TimeControl "180+1"]
[EndTime "11:01:07 PDT"]
[Termination "Game drawn by agreement"]

1. c4 g6 2. g3 Bg7 3. Bg2 c5 4. Nc3 Nc6 5. Nf3 d6 6. O-O Nh6 7. d4 cxd4 8. Bxh6 Bxh6 9. Nxd4 Bd7 10. e3 O-O 11. b3 Bg7 12. Rc1 Rc8 13. Qd2 Qa5 14.
Rfd1 Bg4 15. Bf3 Bh3 16. Bg2 Bg4 17. Bf3 Bh3 1/2-1/2

[Event "*** SCC Grand Prix: Titled Tuesday Blitz"]
[Site "Chess.com"]
[Date "2020.09.29"]
[Round "6"]
[White "aljado"]
[Black "Sergienko_Sergey"]
[Result "0-1"]
[WhiteElo "2069"]
[BlackElo "2366"]
[TimeControl "180+1"]
[EndTime "11:01:08 PDT"]
[Termination "Sergienko_Sergey won by resignation"]

1. e4 c5 2. Nf3 a6 3. c3 e6 4. d4 d5 5. e5 Bd7 6. Be3 cxd4 7.
cxd4 Bb5 8. Bc4 Bxc4 9. Nc3 a5 10.
b3 Ba6 11. a4 Nc6 12. Ne2 Bb4+ 13. Kf1 Nge7 14. g3 Nf5 15. Kg2 Nxe3+ 16. fxe3 O-O 17.
Nf4 Rc8 18. h4 Ne7 19. Ng5 h6 20. Qh5 Nf5 21. Ngxe6 fxe6 22. Nxe6 Nxe3+ 23. Kh3 0-1

[Event "*** SCC Grand Prix: Titled Tuesday Blitz"]
[Site "Chess.com"]
[Date "2020.09.29"]
[Round "6"]
[White "angryhorse9"]
[Black "c_r_e_e_p_e_r"]
[Result "0-1"]
[WhiteElo "2535"]
[BlackElo "2376"]
[TimeControl "180+1"]
[EndTime "11:01:43 PDT"]
[Termination "c_r_e_e_p_e_r won by resignation"]

1. e4 c5 2. Nf3 e6 3. c3 d5 4. exd5 exd5 5. d4 Nc6 6. Bb5 Bd6 7. dxc5 Bxc5 8. O-O Ne7 9. Nbd2 O-O 10. Nb3 Bb6 11. Bg5 Qd6 12. Bh4 Nf5 13. Bg3 Nxg3 14. hxg3 Qxg3 15. Qxd5 Bg4 16. Nfd4 Qh4 17. g3 Qh3 18. Qg2 Qh5 19. Rfe1 Nxd4 20. Nxd4 Bxd4 21. Bc4 Bf6 22. Qxb7 Bf3 23. Bxf7+ Rxf7 24. Qxa8+ Bxa8 0-1

[Event "*** SCC Grand Prix: Titled Tuesday Blitz"]
[Site "Chess.com"]
[Date "2020.09.29"]
[Round "6"]
[White "rugbyclub"]
[Black "sergeikim"]
[Result "0-1"]
[WhiteElo "2160"]
[BlackElo "2407"]
[TimeControl "180+1"]
[EndTime "11:01:44 PDT"]
[Termination "sergeikim won by resignation"]

1. e4 e5 2. Nf3 Nc6 3. Bb5 a6 4. Ba4 Nf6 5. O-O b5 6. Bb3 Bc5 7. a4 Bb7 8. d3 d6 9. Nc3 b4 10. Ne2 h6 11. Ng3 O-O 12. a5 Bc8 13. h3 Be6 14.
Bc4 Ba7 15. Kh1 Ne7 16. Bxa6 Ng6 17. Bc4 c6 18. Nf5 d5 19. Bb3 dxe4 20. dxe4 Qxd1 21.
Rxd1 Nxe4 22. Be3 Bxf5 0-1

[Event "*** SCC Grand Prix: Titled Tuesday Blitz"]
[Site "Chess.com"]
[Date "2020.09.29"]
[Round "6"]
[White "DanielTitichoca"]
[Black "hawes33"]
[Result "1-0"]
[WhiteElo "2375"]
[BlackElo "2205"]
[TimeControl "180+1"]
[EndTime "11:01:49 PDT"]
[Termination "DanielTitichoca won by resignation"]

1. e4 c5 2. Nf3 d6 3. d4 cxd4 4. Nxd4 Nf6 5. Nc3 a6 6. Bg5 e6 7. f4 Be7 8. Qe2 b5 9. O-O-O Bb7 10. g3 Qb6 11. Bg2 Nbd7 12. e5 dxe5 13. fxe5 Nd5 14. Bxe7 Nxe7 15. Bxb7 Qxb7 16. Ne4 O-O 17. Kb1 Nxe5 18.
Nd6 Qd5 19. N4f5 exf5 20. Rxd5 Nxd5 21. Qxe5 Nb6 22. Nxf5 f6 23. Qe6+ 1-0

[Event "*** SCC Grand Prix: Titled Tuesday Blitz"]
[Site "Chess.com"]
[Date "2020.09.29"]
[Round "6"]
[White "djano"]
[Black "anon569"]
[Result "1-0"]
[WhiteElo "2461"]
[BlackElo "2254"]
[TimeControl "180+1"]
[EndTime "11:02:18 PDT"]
[Termination "djano won by resignation"]

1. d4 Nf6 2. Bf4 e6 3. Nf3 b6 4. Nbd2 Bb7 5. e3 Be7 6. Be2 d6 7. a4 a6 8. h3 Nbd7 9. O-O c5 10. Nc4 Ne4 11. Nfd2 Ndf6 12. Nxe4 Nxe4 13. dxc5 dxc5 14.
Qxd8+ Bxd8 15. f3 b5 16. axb5 axb5 17. Na3 b4 18. Nb5 1-0

[Event "*** SCC Grand Prix: Titled Tuesday Blitz"]
[Site "Chess.com"]
[Date "2020.09.29"]
[Round "6"]
[White "teacher4chess"]
[Black "nitpicker"]
[Result "0-1"]
[WhiteElo "2001"]
[BlackElo "2238"]
[TimeControl "180+1"]
[EndTime "11:02:18 PDT"]
[Termination "nitpicker won by resignation"]

1. d4 Nf6 2. Nf3 b6 3. c4 e6 4.
a3 Ba6 5. Qc2 Bb7 6. Nc3 c5 7.
Bg5 cxd4 8. Nxd4 Be7 9. e4 d6 10. Nc6 Nxc6 11. Rd1 a6 12. Be2 Rc8 13. O-O Qc7 14.
Bf4 Ne5 15. b3 b5 16. Bxe5 dxe5 17. Qb2 O-O 18. cxb5 Qxc3 0-1

[Event "*** SCC Grand Prix: Titled Tuesday Blitz"]
[Site "Chess.com"]
[Date "2020.09.29"]
[Round "6"]
[White "Rubinstein_Akiba"]
[Black "DrMamaliga"]
[Result "0-1"]
[WhiteElo "2379"]
[BlackElo "2303"]
[TimeControl "180+1"]
[EndTime "11:02:29 PDT"]
[Termination "DrMamaliga won by resignation"]

1. e4 d6 2. d4 Nf6 3. Nc3 g6 4. Nf3 Bg7 5. Be2 O-O 6. O-O a6 7. a4 Nc6 8. h3 e5 9. Be3 exd4 10.
Nxd4 Re8 11. f3 d5 12. Nxc6 bxc6 13. Bg5 Qd6 14. exd5 cxd5 15. Kh1 Bb7 16. Bd3 Nh5 17.
Bh4 Qf4 18. Bf2 Be5 19. g3 Nxg3+ 20. Bxg3 Qxg3 21. Qd2 Qxh3+ 22. Kg1 Bd4+ 23. Rf2 Qg3+ 0-1

[Event "*** SCC Grand Prix: Titled Tuesday Blitz"]
[Site "Chess.com"]
[Date "2020.09.29"]
[Round "6"]
[White "Djager97"]
[Black "Chessmatus"]
[Result "1-0"]
[WhiteElo "2473"]
[BlackElo "2325"]
[TimeControl "180+1"]
[EndTime "11:02:33 PDT"]
[Termination "Djager97 won by resignation"]

1. e4 c5 2. Nf3 d6 3. d4 cxd4 4. Nxd4 Nf6 5. Nc3 a6 6. Bg5 Nbd7 7. f4 Qc7 8. Qf3 h6 9. Bxf6 Nxf6 10. f5 Qc5 11.
O-O-O g5 12. fxg6 Bg4 13. gxf7+ Kxf7 14. Qd3 Bxd1 15. Nxd1 Bg7 16. Qb3+ d5 17. Nf5 Nxe4 18. Qf3 Nf6 19. Bd3 Rhg8 20. Rf1 Rac8 21. Nde3 Rcd8 22.
Ng4 Rh8 23. Nxg7 Kxg7 24. Nxf6 exf6 25. Qxf6+ 1-0

[Event "*** SCC Grand Prix: Titled Tuesday Blitz"]
[Site "Chess.com"]
[Date "2020.09.29"]
[Round "6"]
[White "Srisshhhtea"]
[Black "BanjoKazooieN64"]
[Result "1-0"]
[WhiteElo "2306"]
[BlackElo "2478"]
[TimeControl "180+1"]
[EndTime "11:02:35 PDT"]
[Termination "Srisshhhtea won by checkmate"]

1. d4 Nf6 2. c4 c5 3. d5 e6 4. Nc3 exd5 5. cxd5 d6 6. e4 g6 7. f4 Bg7 8. Bb5+ Nfd7 9. a4 O-O 10. Nf3 Na6 11.
O-O Nb4 12. f5 a6 13. Bc4 Nf6 14. Bg5 gxf5 15. Nh4 fxe4 16. Nxe4 Nxe4 17. Bxd8 Bd4+ 18. Kh1 Rxd8 19. Qf3 Nd2 20. Qxf7+ Kh8 21. Rf6 Ne4 22. Raf1 Nxf6 23. Rxf6 Bh3 24. Rh6 Bg7 25. Ng6# 1-0

[Event "*** SCC Grand Prix: Titled Tuesday Blitz"]
[Site "Chess.com"]
[Date "2020.09.29"]
[Round "6"]
[White "StockholmMissile"]
[Black "mr65"]
[Result "1-0"]
[WhiteElo "2390"]
[BlackElo "2157"]
[TimeControl "180+1"]
[EndTime "11:02:42 PDT"]
[Termination "StockholmMissile won by resignation"]

1. f4 e5 2. fxe5 d6 3. Nf3 dxe5 4. e4 Nf6 5. Nc3 Nbd7 6. Bc4 Be7 7. O-O O-O 8. d3 c6 9. Kh1 b5 10. Bb3 a5 11. a3 Qc7 12. Be3 Nc5 13. Ba2 Be6 14. Bxe6 Nxe6 15. Ne2 Nh5 16. Qe1 Nhf4 17. Nxf4 exf4 18.
Bg1 Bf6 19. c3 b4 20. axb4 axb4 21. d4 bxc3 22. bxc3 c5 23. e5 Be7 24. d5 Rxa1 25.
Qxa1 Ng5 26. d6 Bxd6 27. exd6 Qd8 28. Bxc5 Re8 29. Nxg5 Qxg5 30. d7 Re2 31. Qa8+ 1-0

[Event "*** SCC Grand Prix: Titled Tuesday Blitz"]
[Site "Chess.com"]
[Date "2020.09.29"]
[Round "6"]
[White "manuellarrea"]
[Black "Mbneu"]
[Result "0-1"]
[WhiteElo "2105"]
[BlackElo "2296"]
[TimeControl "180+1"]
[EndTime "11:02:42 PDT"]
[Termination "Mbneu won by resignation"]

1. d4 Nf6 2. c4 c5 3. d5 e6 4.
Nc3 exd5 5. cxd5 d6 6. e4 g6 7. Nf3 Bg7 8. Be2 O-O 9. O-O a6 10. a4 Bg4 11. Nd2 Bxe2 12. Qxe2 Nbd7 13. f4 Re8 14. Qd3 Qc7 15. a5 Ng4 16. Nc4 Bd4+ 17. Kh1 Nf2+ 18. Rxf2 Bxf2 19. Bd2 Bd4 20. Rf1 b5 21. axb6 Nxb6 22. Nxb6 Qxb6 23. Bc1 Rac8 24. g4 c4 25. Qf3 Qb3 26. g5 Qc2 27. h4 Bxc3 28.
bxc3 Qxe4 0-1

[Event "*** SCC Grand Prix: Titled Tuesday Blitz"]
[Site "Chess.com"]
[Date "2020.09.29"]
[Round "6"]
[White "tdf98pantani"]
[Black "SergeyShtyka"]
[Result "1-0"]
[WhiteElo "2628"]
[BlackElo "2440"]
[TimeControl "180+1"]
[EndTime "11:02:43 PDT"]
[Termination "tdf98pantani won by resignation"]

1. e4 c5 2. Nf3 d6 3. d4 cxd4 4. Nxd4 Nf6 5. Nc3 g6 6. Be3 Bg7 7. f3 O-O 8. Qd2 Nc6 9. O-O-O d5 10. Qe1 e5 11. Nxc6 bxc6 12. exd5 cxd5 13. Bg5 Be6 14. Bc4 Rc8 15. Bxd5 Rxc3 16. Bxe6 Rxc2+ 17. Kxc2 Qc7+ 18. Qc3 Qxc3+ 19. Kxc3 fxe6 20. Kc2 Nd5 21. Rd2 Rb8 22. Kb1 e4 23. fxe4 Nc3+ 24. Ka1 Nxe4 25. Rd8+ Rxd8 26. Bxd8 Kf7 27. Rf1+ Ke8 28. Ba5 Kd7 29. Rf7+ 1-0

[Event "*** SCC Grand Prix: Titled Tuesday Blitz"]
[Site "Chess.com"]
[Date "2020.09.29"]
[Round "6"]
[White "PlotnikovPavel"]
[Black "Roza_Idrisova"]
[Result "1-0"]
[WhiteElo "2367"]
[BlackElo "2137"]
[TimeControl "180+1"]
[EndTime "11:02:51 PDT"]
[Termination "PlotnikovPavel won by resignation"]

1. e4 c6 2. d4 d5 3. e5 c5 4. c4 cxd4 5. Nf3 e6 6. Nxd4 Nc6 7. Nxc6 bxc6 8. Nc3 Ne7 9. Be2 Ng6 10. f4 Be7 11. O-O O-O 12. Kh1 Bc5 13. Qa4 Bd7 14. b4 Bd4 15.
Bb2 c5 16. Qd1 cxb4 17. Qxd4 bxc3 18. Bxc3 dxc4 19. f5 Ne7 20. f6 Nf5 21. Qg4 Kh8 22. Rxf5 gxf6 23. Rxf6 Rg8 24. Qh5 Bc6 25. Rg1 Rg7 26.
Rxf7 Qg5 27. Qxg5 Rxg5 28. Bxc4 Rag8 29. Rf2 Rc8 30. Bxe6 Rc7 31. Bb3 Bxg2+ 32. Rgxg2 Rxg2 33. Kxg2 Rxc3 34. e6 Re3 35. Rf8+ Kg7 36. Rf7+ Kg6 37. Rxa7 h5 38. e7 Kf6 39. Ba4 Rxe7 40. Rxe7 Kxe7 41.
Kg3 Kf6 42. Bd1 Kg5 43. a4 1-0

[Event "*** SCC Grand Prix: Titled Tuesday Blitz"]
[Site "Chess.com"]
[Date "2020.09.29"]
[Round "6"]
[White "KaspMagAlpha"]
[Black "pedro_nascimento85"]
[Result "1-0"]
[WhiteElo "2249"]
[BlackElo "2005"]
[TimeControl "180+1"]
[EndTime "11:02:51 PDT"]
[Termination "KaspMagAlpha won by resignation"]

1. d4 d5 2. c4 e6 3. Nf3 Nf6 4. g3 Be7 5. Bg2 O-O 6. O-O dxc4 7. a4 c5 8. dxc5 Qxd1 9. Rxd1 Bxc5 10. Na3 Nc6 11. Nxc4 Rb8 12. Bf4 Ra8 13. Nfe5 Nxe5 14.
Bxe5 Nd7 15. Bd6 Bxd6 16. Nxd6 Nc5 17. b4 Na6 18. Nxc8 Rfxc8 19. Bxb7 Nc7 20. Bxc8 Rxc8 21. Rac1 1-0

[Event "*** SCC Grand Prix: Titled Tuesday Blitz"]
[Site "Chess.com"]
[Date "2020.09.29"]
[Round "6"]
[White "Shuvalov"]
[Black "frederiksvane"]
[Result "0-1"]
[WhiteElo "2430"]
[BlackElo "2676"]
[TimeControl "180+1"]
[EndTime "11:02:53 PDT"]
[Termination "frederiksvane won by checkmate"]

1. Nf3 Nf6 2. c4 c5 3. g3 Nc6 4. Bg2 g6 5. O-O Bg7 6. Nc3 d6 7. d4 cxd4 8. Nxd4 Bd7 9. Nc2 h5 10. Bg5 Nh7 11. Be3 h4 12. gxh4 Nf8 13. c5 dxc5 14.
Bxc5 Rxh4 15. Ne3 Qb8 16. f4 Rxf4 17. Rxf4 Qxf4 18. Ned5 Qb8 19. Nb5 Ne6 20. Nxe7 Nxe7 21. Nd6+ Kf8 22. Nxb7 Nxc5 23. Nxc5 Qb6 24. b4 Bxa1 25.
Qxa1 Rd8 26. Qh8+ Ng8 27. Kh1 Bc6 28. Qh4 Rd1+ 29. Qe1 Rxe1# 0-1

[Event "*** SCC Grand Prix: Titled Tuesday Blitz"]
[Site "Chess.com"]
[Date "2020.09.29"]
[Round "6"]
[White "Khnykin_Nikolay"]
[Black "chessmachine14"]
[Result "0-1"]
[WhiteElo "2083"]
[BlackElo "2287"]
[TimeControl "180+1"]
[EndTime "11:02:55 PDT"]
[Termination "chessmachine14 won by checkmate"]

1. e4 c5 2. d4 cxd4 3. c3 Nf6 4.
Bd3 dxc3 5. Nxc3 d6 6. Bc4 Nc6 7. Nf3 e6 8. Bg5 Be7 9. O-O O-O 10. Nb5 a6 11. Bxf6 Bxf6 12. Nxd6 b5 13. Bb3 Bxb2 14. Rb1 Ba3 15. Nxc8 Rxc8 16. Qe2 Nd4 17. Qe3 Nxf3+ 18. Qxf3 a5 19. Bxe6 fxe6 20. Qxa3 Rc2 21. Qb3 Qd2 22. Qxe6+ Kh8 23. Rxb5 Qxf2+ 24. Rxf2 Rc1+ 25. Rf1 Rcxf1# 0-1

[Event "*** SCC Grand Prix: Titled Tuesday Blitz"]
[Site "Chess.com"]
[Date "2020.09.29"]
[Round "6"]
[White "GM_Levan_Pantsulaia"]
[Black "m_ezat"]
[Result "1-0"]
[WhiteElo "2845"]
[BlackElo "2629"]
[TimeControl "180+1"]
[EndTime "11:03:00 PDT"]
[Termination "GM_Levan_Pantsulaia won by resignation"]

1. Nf3 Nf6 2. g3 g6 3. b3 Bg7 4. Bb2 O-O 5. Bg2 d6 6. d4 e5 7.
dxe5 Ng4 8. Nc3 Nxe5 9. Nxe5 Bxe5 10. Qd2 Nc6 11. h4 h5 12. O-O-O a5 13. f4 Bg7 14. Nd5 Bxb2+ 15. Kxb2 Be6 16. Qc3 f5 17. e4 a4 18.
exf5 Bxf5 19. Rhe1 axb3 20. axb3 Kh7 21. Re3 Kh6 22.
Rde1 Qd7 23. Re7 Nxe7 24. Rxe7 Qxe7 25. Nxe7 Bg4 26. Qxc7 Rf7 27. Qxd6 Bf5 28. Nxf5+ Rxf5 29. Be4 1-0

[Event "*** SCC Grand Prix: Titled Tuesday Blitz"]
[Site "Chess.com"]
[Date "2020.09.29"]
[Round "6"]
[White "lucasmito"]
[Black "malakismayil"]
[Result "1-0"]
[WhiteElo "2464"]
[BlackElo "2322"]
[TimeControl "180+1"]
[EndTime "11:03:09 PDT"]
[Termination "lucasmito won by resignation"]

1. e4 e5 2. f4 Bc5 3. Qh5 Qf6 4. Qxe5+ Qxe5 5. fxe5 Nc6 6. Nf3 Nd4 7. Nxd4 Bxd4 8. c3 Bxe5 9. d4 Bd6 10. Bc4 f6 11.
O-O Ne7 12. Nd2 Ng6 13. e5 fxe5 14. Ne4 exd4 15. Nxd6+ cxd6 16. cxd4 b6 17. Bg5 Bb7 18. Bf7+ Kf8 19. Bxg6+ Kg8 20. Bf7+ Kf8 21. Bd5+ 1-0

[Event "*** SCC Grand Prix: Titled Tuesday Blitz"]
[Site "Chess.com"]
[Date "2020.09.29"]
[Round "6"]
[White "ViktoriyaTarasova"]
[Black "ferdipy"]
[Result "1-0"]
[WhiteElo "2284"]
[BlackElo "2355"]
[TimeControl "180+1"]
[EndTime "11:03:09 PDT"]
[Termination "ViktoriyaTarasova won by resignation"]

1. d4 e5 2. dxe5 d6 3. exd6 Bxd6 4. g3 Nc6 5. Bg2 Bf5 6. c3 Qe7 7. Qa4 Bd7 8. Qe4 Be6 9. Nf3 Nf6 10. Qc2 O-O-O 11. O-O h6 12. b4 g5 13. Bb2 Bc4 14. Re1 Ne4 15. Nbd2 Nxd2 16. Nxd2 Be6 17. b5 Ne5 18. c4 f6 19. Qe4 c5 20. f4 f5 21. Qxb7+ Qxb7 22. Bxb7+ Kxb7 23. fxe5 Bc7 24. Nb3 Bb6 25. Rac1 Rhe8 26. a4 a5 27. bxa6+ Kxa6 28.
a5 Ka7 29. axb6+ Kxb6 30. Ba3 Rc8 31. Red1 Kc6 32. Rd6+ Kb7 33. Nxc5+ Ka7 1-0

[Event "*** SCC Grand Prix: Titled Tuesday Blitz"]
[Site "Chess.com"]
[Date "2020.09.29"]
[Round "6"]
[White "Rodalquilar"]
[Black "Riptide27"]
[Result "1-0"]
[WhiteElo "2784"]
[BlackElo "2515"]
[TimeControl "180+1"]
[EndTime "11:03:12 PDT"]
[Termination "Rodalquilar won by resignation"]

1. d4 d5 2. Bf4 Nf6 3. e3 g6 4. Nf3 Bg7 5. Be2 O-O 6. O-O b6 7. a4 a5 8. c3 Ba6 9. Nbd2 c5 10. Bb5 Bxb5 11. axb5 Nbd7 12. h3 e6 13. Qe2 Qe7 14. Bh2 Rac8 15. e4 dxe4 16. Nxe4 Nxe4 17. Qxe4 Nf6 18.
Qh4 Qd7 19. Be5 Ne8 20. Bxg7 Nxg7 21. Ng5 h5 22. Ne4 Qxb5 23. Nf6+ Kh8 24. Qg5 Nf5 25.
g4 1-0

[Event "*** SCC Grand Prix: Titled Tuesday Blitz"]
[Site "Chess.com"]
[Date "2020.09.29"]
[Round "6"]
[White "daro94"]
[Black "PavelShkapenko"]
[Result "1/2-1/2"]
[WhiteElo "2934"]
[BlackElo "2714"]
[TimeControl "180+1"]
[EndTime "11:03:13 PDT"]
[Termination "Game drawn by agreement"]

1. d4 Nf6 2. Bf4 e6 3. e3 c5 4. c3 b6 5. Nf3 cxd4 6. exd4 Bb7 7. h3 Be7 8. Bd3 O-O 9. O-O a6 10. Nbd2 d6 11. Qe2 Nbd7 12. a4 Re8 13. Rfe1 Bf8 14.
Bh2 e5 15. dxe5 dxe5 16. Ne4 Bxe4 17. Bxe4 Nxe4 18. Qxe4 Nc5 19. Qg4 f6 20. Rad1 Qc8 21.
Qc4+ Qe6 22. Qh4 Qb3 23. Rd2 Rad8 24. Rxd8 Rxd8 25. Nxe5 Rd1 26. Nf3 Rxe1+ 27. Nxe1 Qxa4 28. Qxa4 Nxa4 29. Nd3 b5 30. Kf1 Nc5 31. Ke2 1/2-1/2

[Event "*** SCC Grand Prix: Titled Tuesday Blitz"]
[Site "Chess.com"]
[Date "2020.09.29"]
[Round "6"]
[White "szachuspl"]
[Black "vugarrasulov"]
[Result "0-1"]
[WhiteElo "2534"]
[BlackElo "2803"]
[TimeControl "180+1"]
[EndTime "11:03:19 PDT"]
[Termination "vugarrasulov won by resignation"]

1. d4 Nf6 2. c4 b6 3. Nc3 Bb7 4.
f3 d5 5. cxd5 Nxd5 6. e4 Nxc3 7.
bxc3 g6 8. Be3 Bg7 9. Bb5+ c6 10.
Bc4 O-O 11. Ne2 c5 12. O-O Nc6 13. Qd2 Rc8 14. d5 Ne5 15. Bb3 Ba6 16. Rfd1 Nc4 17. Bxc4 Bxc4 18. Ng3 Re8 19. Bh6 Bh8 20. Qf4 Qd6 21.
Qd2 e6 22. Bf4 Qd7 23. dxe6 Qxe6 24. a3 Bb3 25. Rdc1 Rcd8 26. Qe1 c4 27. Be3 Rd3 28. Nf1 Red8 29. Bf2 Be5 30. Ne3 Bf4 31. g3 Bh6 32. Kg2 f5 33. exf5 gxf5 34. Nc2 Qxe1 35. Nxe1 Bxc1 36.
Rxc1 Rd1 0-1

[Event "*** SCC Grand Prix: Titled Tuesday Blitz"]
[Site "Chess.com"]
[Date "2020.09.29"]
[Round "6"]
[White "dosto07"]
[Black "chessmadara"]
[Result "1/2-1/2"]
[WhiteElo "2299"]
[BlackElo "2133"]
[TimeControl "180+1"]
[EndTime "11:03:25 PDT"]
[Termination "Game drawn by agreement"]

1. e4 c5 2. Nf3 Nc6 3. Bb5 g6 4.
O-O Bg7 5. c3 Nf6 6. Re1 O-O 7.
e5 Nd5 8. d4 cxd4 9. cxd4 d6 10. Nc3 Nxc3 11. bxc3 Qb6 12. Bxc6 Qxc6 13. Bg5 Re8 14.
exd6 Qxd6 15. Qd2 Bf5 16. h3 Rac8 17. Rac1 b5 18. Bh6 Qa3 19. Bxg7 Kxg7 20. d5 Rc4 21. Nd4 Bd7 22. h4 b4 23. cxb4 Qxb4 24. Qxb4 Rxb4 25. Nf3 Bg4 1/2-1/2

[Event "*** SCC Grand Prix: Titled Tuesday Blitz"]
[Site "Chess.com"]
[Date "2020.09.29"]
[Round "6"]
[White "floplover"]
[Black "LogoCzar"]
[Result "0-1"]
[WhiteElo "2307"]
[BlackElo "2428"]
[TimeControl "180+1"]
[EndTime "11:03:26 PDT"]
[Termination "LogoCzar won by resignation"]

1. d4 d5 2. c4 c6 3. Nf3 Nf6 4. e3 e6 5. Nbd2 Nbd7 6. Bd3 Bd6 7. O-O O-O 8. e4 e5 9. cxd5 cxd5 10. exd5 exd4 11. Nc4 Bc5 12. Bg5 h6 13. Bh4 b5 14.
Nce5 Nxe5 15. Nxe5 Qxd5 16. Bxf6 gxf6 17. Ng4 Qg5 18.
f3 h5 19. Nf2 f5 20. Rc1 Bd6 21. Re1 Bb7 22. Nh3 Qg6 23. Bxb5 Rfd8 24. Bd3 Re8 25. Kh1 Re3 26. Qc2 Rxf3 27. Ng1 Rxd3 0-1

[Event "*** SCC Grand Prix: Titled Tuesday Blitz"]
[Site "Chess.com"]
[Date "2020.09.29"]
[Round "6"]
[White "Ziachess74"]
[Black "gui_borba"]
[Result "1-0"]
[WhiteElo "2644"]
[BlackElo "2429"]
[TimeControl "180+1"]
[EndTime "11:03:29 PDT"]
[Termination "Ziachess74 won by resignation"]

1. d4 Nf6 2. c4 e6 3. Nc3 d5 4. cxd5 exd5 5. Bg5 c6 6. e3 Bd6 7. Bd3 O-O 8. Qc2 h6 9. Bh4 a5 10. Nf3 Na6 11. a3 Nc7 12. O-O Ne6 13. Ne5 Be7 14. f4 c5 15. dxc5 d4 16. Bxf6 gxf6 17. Ng4 dxc3 18. Nxh6+ Kh8 19. Qe2 Qd5 20. Nf5 cxb2 21.
Qh5+ 1-0